 Dungeon Crawl Stone Soup version 0.19-a0-1168-g98094fc (webtiles) character file.

130897 KrozogBurug the Bludgeoner (level 17, -1/243 HPs)
             Began as an Ogre Wizard on Aug 15, 2016.
             Was the Champion of Vehumet.
             Slain by a mace of crushing (2 damage)
             ... on level 2 of the Elven Halls.
             The game lasted 04:55:03 (42527 turns).

KrozogBurug the Bludgeoner (Ogre Wizard)           Turns: 42527, Time: 04:55:05

Health: -1/243     AC:  9    Str: 23    XL:     17   Next: 9%
Magic:  15/40      EV:  9    Int: 28    God:    Vehumet [******]
Gold:   235        SH:  0    Dex:  8    Spells: 8 memorised, 4 levels left

rFire  + + .     SeeInvis .     y - +8 giant spiked club
rCold  + + .     Gourm    .     v - +2 robe {rC+ rF+}
rNeg   . . .     Faith    .     (shield currently unavailable)
rPois  +         Spirit   .     R - +2 hat {MR+}
rElec  .         Dismiss  .     G - +1 cloak {rF+}
rCorr  .         Reflect  .     (gloves unavailable)
MR     ++...     Harm     .     (boots unavailable)
Stlth  ..........               d - amulet of magic regeneration
                                u - ring of Mehadion {rC+ Int+6 Stlth+}
                                A - ring of magical power

@: berserking, drained, very quick
A: unfitting armour, camouflage 1, poison resistance, regeneration 1, strong 1,
tough skin 1, evolution 1
a: Renounce Religion


You were on level 2 of the Elven Halls.
You worshipped Vehumet.
Vehumet was exalted by your worship.
You were not hungry.

You visited 4 branches of the dungeon, and saw 24 of its levels.
You also visited: Labyrinth, Sewer and Volcano.

You collected 2748 gold pieces.
You spent 2513 gold pieces at shops.

Inventory:

Hand Weapons
 y - a +8 giant spiked club (weapon)
 X - a +0 blowgun
Missiles
 t - 9 large rocks (quivered)
 F - 15 curare-tipped needles
Armour
 v - a +2 robe of resistance (worn)
 G - a +1 cloak of fire resistance (worn)
 R - a +2 hat of magic resistance (worn)
Jewellery
 d - an amulet of magic regeneration (around neck)
 u - the ring of Mehadion (right hand) {rC+ Int+6 Stlth+}
   (You bought it in a shop on level 2 of the Orcish Mines)

   [ring of intelligence]

   It affects your intelligence (+6).
   It protects you from cold.
   It makes you more stealthy.
 A - a ring of magical power (left hand)
 J - an uncursed amulet of regeneration
 S - an uncursed amulet of rage
Wands
 w - a wand of disintegration (11/24)
 z - a wand of enslavement (11/24)
 H - a wand of disintegration (5/24)
 L - a wand of disintegration (10/24)
 M - a wand of digging (4/24)
 V - a wand of digging (11/24)
 Z - a wand of teleportation (0/9)
Scrolls
 b - 2 scrolls of fog
 e - 3 scrolls of teleportation
 g - 4 scrolls of enchant armour
 j - 3 scrolls of fear
 l - 2 scrolls of vulnerability
 s - 15 scrolls of remove curse
 x - a scroll of immolation
 B - 3 scrolls of recharging
 N - 2 scrolls of magic mapping
 P - 2 scrolls of torment
 W - 2 scrolls of identify
Potions
 a - 11 potions of curing
 c - 7 potions of might
 f - a potion of mutation
 h - 7 potions of agility
 i - a potion of heal wounds
 m - 4 potions of ambrosia
 n - a potion of lignification
 o - a potion of haste
 q - a potion of cure mutation
 D - 10 potions of flight
 K - 3 potions of cancellation
 O - a potion of invisibility
Books
 I - a book of the Tempests

   Spells                             Type                      Level
   a - Static Discharge               Conjuration/Air              3
   b - Lightning Bolt                 Conjuration/Air              5
   c - Fireball                       Conjuration/Fire             5
   d - Tornado                        Air                          9
   e - Shatter                        Earth                        9
 Y - a book of Power

   Spells                             Type                      Level
   a - Fulminant Prism                Conjuration/Hexes            4
   b - Iskenderun's Mystic Blast      Conjuration                  4
   c - Venom Bolt                     Conjuration/Poison           5
   d - Bolt of Magma                  Conjuration/Fire/Earth       5
   e - Iron Shot                      Conjuration/Earth            6
   f - Orb of Destruction             Conjuration                  7
   g - Spellforged Servitor           Conjuration/Summoning        7
Comestibles
 k - 12 meat rations
 p - 13 beef jerkies
 r - a chunk of flesh
 C - 13 royal jellies


   Skills:
 - Level 9.0(8.2) Fighting
 + Level 15.9(14.9) Maces & Flails
 - Level 1.7(1.1) Dodging
 - Level 1.5(0.9) Stealth
 - Level 10.0(9.1) Spellcasting
 * Level 12.1(11.2) Conjurations
 - Level 4.1(3.4) Hexes
 - Level 8.3(7.5) Summonings
 - Level 2.0(1.4) Translocations
 - Level 6.2(5.4) Fire Magic
 - Level 6.0(5.3) Air Magic
 - Level 8.0(7.2) Earth Magic


You had 4 spell levels left.
You knew the following spells:

 Your Spells              Type           Power        Failure   Level  Hunger
a - Lightning Bolt        Conj/Air       ######....   1%          5    ####...
b - Blink                 Tloc           N/A          4%          2    None
c - Mephitic Cloud        Conj/Pois/Air  #####...     1%          3    None
d - Fireball              Conj/Fire      ######....   1%          5    ####...
e - Repel Missiles        Chrm/Air       ####..       2%          2    None
f - Inner Flame           Hex/Fire       #####...     1%          3    None
h - Lee's Rapid Deconstr  Erth           ######....   2%          5    ####...
i - Summon Hydra          Summ           ######....   99%         7    #######


Dungeon Overview and Level Annotations

Branches:
Dungeon (14/15)            Temple (0/1) D:5            Lair (6/6) D:11
 Shoals (0/4) Lair:4        Snake (0/4) Lair:2        Slime (0/5) Lair:5
    Orc (2/2) D:12            Elf (2/3) Orc:2        Vaults (0/5) D:13

Altars:
Ashenzari
Elyvilon
Makhleb
Nemelex Xobeh
Pakellas
Qazlal
Sif Muna
Trog
Vehumet
Beogh
Jiyva

Shops:
D:4 ?   D:13 %   Orc:2 :}=(   Elf:1 :

Annotations:
Lair:5 1 runed door


Innate Abilities, Weirdness & Mutations

You are too large for most types of armour.
You have tough skin. (AC +1)
Your skin changes colour to match your surroundings (Stealth+).
Your system is resistant to poisons. (rPois)
Your natural rate of healing is unusually fast.
Your muscles are strong. (Str +2)
You evolve.


Message History

You barely miss the deep elf mage.
The deep elf mage is moderately wounded.
The mace of crushing hits you!
* * * LOW HITPOINT WARNING * * *
x2 The deep elf mage hits you but does no damage.
You completely miss the deep elf mage.
The deep elf mage is moderately wounded.
The mace of crushing hits you but does no damage.
The deep elf mage gestures at you while chanting.
The magic dart hits you!
The battlesphere fires!
The barrage of energy hits you!
* * * LOW HITPOINT WARNING * * *
Unknown command.
You beat the deep elf mage like a drum!!!
You kill the deep elf mage!
Vehumet accepts your kill.
You feel your power returning.
The battlesphere dissipates.
The mace of crushing hits you!
* * * LOW HITPOINT WARNING * * *
You die...

+.<....).....(.....))#.
####.####..#######..#.. #<#
#..# #..##. ". #.# #..#
#..##. ..( #.# #..# #..###
... #ยง# #..# #..# # # #.#
#.####..#######..### ......
##.[.##..............
#..#.##..)@(<...>.......[>.
##.......####...#######)###
.#.#....## ##..# #.#
..#e....## #..# #.#
..#.#...# #..# #.#
.##...#+# #..# #.# #..#e
#..# #. ...... #..# #e
#e#.# #..#


You could see a mace of crushing.

Vanquished Creatures
  Asterion (Elf:1)
  Gastronok (D:9)
  Kirke (Lair:5)
  Donald (Orc:2)
  Louise (D:14)
  2 entropy weavers
  The ghost of aabbddee the Cleaver, a journeyman MiFi of Okawaru (Lair:6)
  Snorg (Lair:4)
  The ghost of runewalsh the Frost Mage, a journeyman OpIE of Sif Muna (D:12)
  A minotaur (Lab)
  A fire dragon (D:12)
  8 hydras
  An ice dragon (Lair:6)
  3 dancing weapons
  2 centaur warriors (D:13)
  A queen ant (Lair:6)
  3 death yaks (Lair:5)
  Sonja (D:10)
  8 orc high priests
  4 deep elf knights (Elf:1)
  An unseen horror (D:11)
  6 deep elf archers
  3 lindwurms
  5 hill giants
  21 deep elf magi
  An oklob plant (Lair:1)
  2 orc sorcerers (Orc:2)
  4 orc knights (Orc:2)
  A griffon (Lair:4)
  2 wolf spiders
  3 ugly things
  A manticore (Lair:4)
  2 cyclopes
  14 elephants (Lair:6)
  4 centaur zombies
  Maurice (D:9)
  A guardian serpent (Lair:5)
  A guardian serpent (shapeshifter) (Elf:2)
  12 black mambas
  2 molten gargoyles (Volcano)
  A gargoyle (D:11)
  6 torpor snails (Lair:6)
  2 rime drakes
  6 komodo dragons
  14 spiny frogs
  2 ice devils (D:13)
  6 trolls
  Grinder (D:5)
  A two-headed ogre (Orc:1)
  3 giant leeches (Lair:6)
  A boulder beetle (Lair:3)
  3 blink frogs
  A shadow (D:12)
  10 wyverns
  20 yaks
  2 water elementals (Elf:1)
  2 wraiths
  5 basilisks
  4 hogs (Lair:5)
  4 fire elementals
  4 vampire mosquitoes (D:13)
  15 hippogriffs
  5 hungry ghosts
  2 steam dragons
  Grum (Lair:1)
  Menkaure (D:5)
  A naga (shapeshifter) (Elf:1)
  3 mottled dragons
  19 soldier ants
  A warg (Orc:2)
  4 nagas (Lair:2)
  19 water moccasins
  2 hell hounds (Volcano)
  9 porcupines
  4 ice beasts
  55 orc warriors
  5 sky beasts
  Purgy (Sewer)
  5 phantoms
  2 black bears
  A meliai simulacrum (D:13)
  18 ogres
  11 wasps
  2 eyes of draining
  A necrophage (D:6)
  7 wolves (Lair:1)
  12 crocodiles
  14 centaurs
  A big kobold (D:10)
  13 giant frogs
  Blork the orc (D:6)
  2 earth elementals (Elf:1)
  6 scorpions
  18 wights
  13 killer bees
  7 howler monkeys
  2 electric eels (Lair:1)
  4 crimson imps
  2 lava snakes (Volcano)
  2 giant frog zombies
  A quasit (D:13)
  7 hounds
  8 jellies
  Crazy Yiuf (D:6)
  2 centaur skeletons
  35 orc priests
  A gnoll shaman (D:10)
  32 orc wizards
  4 giant frog skeletons
  Jessica (D:3)
  12 iguanas
  42 worker ants
  17 sheep
  A hound skeleton (D:11)
  2 worker ant zombies
  Robin (D:2)
  17 gnolls
  A howler monkey skeleton (D:4)
  20 adders
  71 river rats
  4 shadow imps
  An adder zombie (D:9)
  2 worms
  3 dart slugs
  9 giant geckos
  119 orcs
  8 giant cockroaches
  22 goblins
  8 hobgoblins
  25 jackals
  A quokka (D:4)
  3 ball pythons
  11 bats
  8 giant newts
  A jackal skeleton (D:4)
  18 kobolds
  A quokka skeleton (D:8)
  5 rats
  3 fungi
  3 plants (Lair:6)
1050 creatures vanquished.

Vanquished Creatures (others)
  A manticore (D:6)
  An orc wizard (D:13)
  39 fulminant prisms
  26 fungi
  32 plants
99 creatures vanquished.

Grand Total: 1149 creatures vanquished

Notes
Turn   | Place    | Note
-------+----------+-------------------------------------------
     0 | D:1      | KrozogBurug the Ogre Wizard began the quest for the Orb.
     0 | D:1      | Reached XP level 1. HP: 16/16 MP: 5/5
   225 | D:1      | Reached skill level 1 in Conjurations
   467 | D:1      | Reached XP level 2. HP: 23/24 MP: 2/6
   471 | D:1      | Learned a level 2 spell: Blink
   813 | D:1      | Reached XP level 3. HP: 27/31 MP: 1/8
  1443 | D:2      | Learned a level 3 spell: Mephitic Cloud
  1447 | D:2      | Learned a level 3 spell: Conjure Flame
  1812 | D:2      | Reached skill level 1 in Maces & Flails
  1832 | D:2      | Reached XP level 4. HP: 30/39 MP: 5/9
  2035 | D:2      | Reached skill level 2 in Maces & Flails
  2384 | D:2      | Reached XP level 5. HP: 31/45 MP: 10/10
  2918 | D:2      | Noticed Robin
  2971 | D:2      | Killed Robin
  2985 | D:2      | Reached skill level 3 in Maces & Flails
  3039 | D:2      | Learned a level 2 spell: Repel Missiles
  3598 | D:3      | Reached XP level 6. HP: 52/53 MP: 6/11
  3902 | D:3      | Noticed Jessica
  3907 | D:3      | Killed Jessica
  4256 | D:4      | Reached skill level 4 in Maces & Flails
  4709 | D:4      | Noticed a phantom
  4722 | D:4      | Reached skill level 1 in Fire Magic
  4722 | D:4      | Reached XP level 7. HP: 39/59 MP: 8/13
  5023 | D:4      | Reached skill level 5 in Maces & Flails
  5264 | D:4      | Found a radiant altar of Vehumet.
  5282 | D:4      | Became a worshipper of Vehumet
  6136 | D:4      | Reached XP level 8. HP: 66/67 MP: 14/14
  6286 | D:4      | Found Zexij's Magic Scroll Boutique.
  6294 | D:4      | Bought a scroll of magic mapping for 45 gold pieces
  6294 | D:4      | Bought a scroll of teleportation for 39 gold pieces
  6294 | D:4      | Bought a scroll of identify for 26 gold pieces
  6294 | D:4      | Bought a scroll of identify for 26 gold pieces
  6294 | D:4      | Bought 3 scrolls of noise for 39 gold pieces
  6419 | D:4      | Reached skill level 6 in Maces & Flails
  6519 | D:5      | Entered Level 5 of the Dungeon
  6742 | D:5      | Found a shattered altar of Ashenzari.
  6881 | D:5      | Found a staircase to the Ecumenical Temple.
  6900 | D:5      | Found a deep blue altar of Sif Muna.
  7016 | D:5      | Reached * piety under Vehumet
  7016 | D:5      | Offered knowledge of Flame Tongue by Vehumet.
  7018 | D:5      | Noticed Menkaure
  7397 | D:5      | Reached skill level 1 in Air Magic
  8059 | D:5      | Killed Menkaure
  8059 | D:5      | Reached skill level 7 in Maces & Flails
  8487 | D:5      | Noticed Grinder
  8527 | D:6      | Found a runed door.
  8648 | D:6      | Reached XP level 9. HP: 72/74 MP: 15/15
  8707 | D:6      | Reached skill level 8 in Maces & Flails
  8727 | D:6      | Reached skill level 1 in Translocations
  8795 | D:6      | Noticed Blork the orc
  8921 | D:6      | Found a glowing drain.
  8935 | Sewer    | Entered a sewer
  9109 | Sewer    | Noticed Purgy
  9253 | Sewer    | Killed Purgy
  9377 | D:6      | Found a stormy altar of Qazlal.
  9477 | D:6      | Found an oddly glowing altar of Pakellas.
  9480 | D:6      | Noticed a manticore
  9482 | D:6      | Killed a manticore
  9688 | D:6      | Killed Blork the orc
  9688 | D:6      | Reached skill level 9 in Maces & Flails
  9758 | D:5      | Paralysed by Grinder for 2 turns
  9775 | D:5      | Killed Grinder
  9814 | D:6      | Noticed Crazy Yiuf
  9818 | D:6      | Killed Crazy Yiuf
  9906 | D:7      | Reached skill level 5 in Conjurations
 10318 | D:7      | Found a burning altar of Makhleb.
 10723 | D:7      | Found a white marble altar of Elyvilon.
 11002 | D:8      | Reached XP level 10. HP: 81/81 MP: 16/16
 11016 | D:8      | Reached skill level 10 in Maces & Flails
 11227 | D:8      | Reached ** piety under Vehumet
 11339 | D:8      | Offered knowledge of Throw Flame by Vehumet.
 11888 | D:9      | Noticed Gastronok
 12331 | D:9      | Noticed Maurice
 12409 | D:9      | Killed Maurice
 12751 | D:9      | Reached skill level 11 in Maces & Flails
 13150 | D:9      | Killed Gastronok
 13150 | D:9      | Reached skill level 12 in Maces & Flails
 13150 | D:9      | Reached XP level 11. HP: 49/88 MP: 17/17
 13385 | D:10     | Entered Level 10 of the Dungeon
 13390 | D:10     | Offered knowledge of Inner Flame by Vehumet.
 13395 | D:10     | Learned a level 3 spell: Inner Flame
 13440 | D:10     | Noticed Sonja
 13506 | D:10     | Killed Sonja
 13608 | D:10     | Reached *** piety under Vehumet
 13810 | D:4      | Bought 3 scrolls of amnesia for 136 gold pieces
 13810 | D:4      | Bought a scroll of recharging for 123 gold pieces
 13810 | D:4      | Bought a scroll of magic mapping for 45 gold pieces
 14205 | D:10     | Reached skill level 5 in Fire Magic
 14303 | D:10     | Offered knowledge of Iskenderun's Mystic Blast by Vehumet.
 14312 | D:10     | Learned a level 4 spell: Iskenderun's Mystic Blast
 14466 | D:10     | Found a sparkling altar of Nemelex Xobeh.
 14669 | D:10     | Noticed a hill giant
 14685 | D:10     | Killed a hill giant
 15075 | D:10     | Reached **** piety under Vehumet
 15432 | D:11     | Noticed a hill giant
 15439 | D:11     | Killed a hill giant
 15444 | D:11     | Offered knowledge of Bolt of Magma by Vehumet.
 15489 | D:11     | Found a labyrinth entrance.
 15514 | Lab      | Entered a labyrinth
 16164 | Lab      | Noticed a minotaur
 16172 | Lab      | Killed a minotaur
 16172 | Lab      | Reached skill level 13 in Maces & Flails
 16172 | Lab      | Reached skill level 5 in Spellcasting
 16204 | Lab      | Got a scintillating crystal amulet
 16210 | Lab      | Identified the amulet "Logustaib" {Spirit Slay+3} (You found it in a labyrinth)
 16222 | Lab      | Got a shimmering cloak
 16228 | Lab      | Identified the +1 cloak of Zin's Righteous Anger {Dex+4} (You found it in a labyrinth)
 16241 | Lab      | Got a dazzling glaive
 16242 | Lab      | Identified the cursed +1 glaive of Painful Death {chop, rN+++} (You found it in a labyrinth)
 16516 | D:11     | Found a staircase to the Lair.
 16649 | D:11     | Reached XP level 12. HP: 64/96 MP: 21/21
 16657 | D:11     | Learned a level 5 spell: Bolt of Magma
 16910 | D:11     | Reached skill level 1 in Earth Magic
 18053 | D:12     | Reached skill level 14 in Maces & Flails
 18149 | D:12     | Learned a level 5 spell: Lee's Rapid Deconstruction
 18172 | D:12     | Noticed a six-headed hydra
 18276 | D:12     | Gained mutation: You are weak. (Str -2) [mutagenic meat]
 18279 | D:12     | Gained mutation: You are surrounded by a mild repulsion field. (EV +2) [mutagenic meat]
 18665 | D:12     | Noticed runewalsh's ghost (journeyman OpIE)
 18679 | D:12     | Killed runewalsh's ghost
 18882 | D:12     | Reached skill level 5 in Earth Magic
 19284 | D:12     | Killed a six-headed hydra
 19774 | D:12     | Noticed a fire dragon
 19783 | D:12     | Killed a fire dragon
 20092 | D:12     | Found a staircase to the Orcish Mines.
 20423 | D:13     | Found Gootakk's Food Boutique.
 20489 | D:12     | Reached ***** piety under Vehumet
 20489 | D:12     | Offered knowledge of Lightning Bolt by Vehumet.
 20618 | D:13     | Noticed a centaur warrior
 20775 | D:13     | Reached XP level 13. HP: 76/102 MP: 24/24
 21094 | D:13     | Found a gate to the Vaults.
 21159 | D:13     | Lost mutation: You are surrounded by a mild repulsion field. (EV +2) [potion of cure mutation]
 21159 | D:13     | Lost mutation: You are weak. (Str -2) [potion of cure mutation]
 21160 | D:13     | Gained mutation: Your system is resistant to poisons. (rPois) [potion of mutation]
 21160 | D:13     | Gained mutation: Your natural rate of healing is unusually fast. [potion of mutation]
 21160 | D:13     | Gained mutation: You evolve. [potion of mutation]
 21166 | D:13     | Reached XP level 14. HP: 105/140 MP: 1/27
 21315 | D:13     | Learned a level 5 spell: Lightning Bolt
 21321 | D:13     | Learned a level 4 spell: Fulminant Prism
 21458 | D:13     | Reached skill level 10 in Spellcasting
 22021 | D:14     | Noticed Louise
 22198 | D:14     | Found a deep blue altar of Sif Muna.
 22431 | D:14     | Killed Louise
 23001 | Lair:1   | Entered Level 1 of the Lair of Beasts
 23057 | Lair:1   | Reached skill level 10 in Conjurations
 23160 | Lair:1   | Reached skill level 1 in Hexes
 23324 | Lair:1   | Noticed Grum
 23373 | Lair:1   | Killed Grum
 24415 | Lair:2   | Gained mutation: Your skin changes colour to match your surroundings (Stealth+). [evolution]
 24637 | Lair:2   | Found a dark tunnel.
 24663 | Volcano  | Entered a volcano
 25079 | Volcano  | Found a bloodstained altar of Trog.
 25734 | Lair:2   | Found a staircase to the Snake Pit.
 25999 | Lair:2   | Offered knowledge of Sticky Flame by Vehumet.
 26793 | Lair:3   | Reached skill level 5 in Air Magic
 27219 | Lair:4   | Noticed Snorg
 27227 | Lair:4   | Killed Snorg
 27319 | Lair:4   | Found a staircase to the Shoals.
 27346 | Lair:4   | Reached XP level 15. HP: 135/146 MP: 28/29
 27432 | Lair:4   | You fall through a shaft for 2 floors!
 27432 | Lair:6   | Entered Level 6 of the Lair of Beasts
 27432 | Lair:6   | Noticed aabbddee's ghost (journeyman MiFi)
 27800 | Lair:4   | Identified the Guide on Evil Rites and Fire
 27850 | Lair:4   | You fall through a shaft!
 28464 | Lair:5   | Learned a level 7 spell: Summon Hydra
 28516 | Lair:5   | Noticed Kirke
 28605 | Lair:5   | Killed Kirke
 28823 | Lair:5   | Found a runed door.
 28823 | Lair:5   | Found a viscous altar of Jiyva.
 28823 | Lair:5   | Found a staircase to the Slime Pits.
 28823 | Lair:5   | Noticed an azure jelly
 28823 | Lair:5   | Noticed an azure jelly
 29528 | Lair:5   | Reached skill level 1 in Summonings
 29743 | Lair:6   | Found a runed door.
 29778 | Lair:6   | HP: 3/146 [spiny frog (24)]
 30427 | Lair:5   | Reached ****** piety under Vehumet
 30449 | Lair:5   | Offered knowledge of Poisonous Cloud by Vehumet.
 31137 | Lair:5   | Gained mutation: Your muscles are strong. (Str +2) [evolution]
 31369 | Lair:6   | Reached skill level 5 in Summonings
 32829 | Lair:6   | Offered knowledge of Iskenderun's Battlesphere by Vehumet.
 34054 | Lair:6   | Identified a +0 rod of ignition (11/11) (You found it on level 6 of the Lair of Beasts)
 34372 | Lair:6   | Reached XP level 16. HP: 156/156 MP: 25/30
 35244 | Lair:6   | Killed aabbddee's ghost
 36397 | Orc:1    | Entered Level 1 of the Orcish Mines
 36423 | Orc:1    | Offered knowledge of Freezing Cloud by Vehumet.
 37112 | Orc:1    | Found a bloodstained altar of Trog.
 37272 | Orc:2    | Entered Level 2 of the Orcish Mines
 37417 | Orc:2    | Noticed Donald
 37420 | Orc:2    | Killed Donald
 37780 | Orc:2    | Found a staircase to the Elven Halls.
 37924 | Orc:2    | Offered knowledge of Conjure Ball Lightning by Vehumet.
 39010 | Orc:2    | Reached skill level 15 in Maces & Flails
 39498 | Orc:2    | Found a roughly hewn altar of Beogh.
 39625 | Orc:2    | Found Jemew's Gadget Shop.
 39628 | Orc:2    | Found Moqadeoq's Jewellery Boutique.
 39629 | Orc:2    | Found Sazxedu's Book Shop.
 39630 | Orc:2    | Found Ecweor's Weapon Shop.
 39634 | Orc:2    | Bought the ring of Mehadion {rC+ Int+6 Stlth+} for 1054 gold pieces
 39649 | Orc:2    | Bought a book of the Tempests for 980 gold pieces
 39659 | Orc:2    | Learned a level 5 spell: Fireball
 39897 | Elf:1    | Entered Level 1 of the Elven Halls
 39948 | Elf:1    | Noticed Asterion
 41100 | Elf:1    | Killed Asterion
 41309 | Elf:1    | Found Fimeutuwn's Book Shoppe.
 41946 | Elf:2    | Reached XP level 17. HP: 122/162 MP: 28/31
 41950 | Elf:1    | Offered knowledge of Ozocubu's Refrigeration by Vehumet.
 42525 | Elf:2    | HP: 12/243 [mace of crushing (17)]
 42527 | Elf:2    | HP: 1/243 [mace of crushing (8)]
 42527 | Elf:2    | Slain by a mace of crushing

Vault maps used:
D:1:      scummos_arrival_hexagon, serial_glass, glass_columns_b,
          glass_columns_c, minmay_misc_feat_doors, st_stairs_10
D:2:      uniq_robin
D:3:      minmay_misc_feat_room, uniq_jessica
D:4:      minmay_door_path, lemuel_crystal_altar, serial_shops, shop,
          first_bread
D:5:      ashenzari_altar_1, old_standard_altar, uniq_menkaure, uniq_grinder
D:6:      gammafunk_pakellas_spire_experiment, nicolae_qazlal_general_emergency,
          portal_sewer_entry_d, uniq_blork_the_orc, uniq_crazy_yiuf_cottage
D:7:      lemuel_coloured_pillars_altar, kennysheep_mini
D:9:      hangedman_pestilent_swarm, uniq_gastronok, uniq_maurice
D:10:     nemelex_xobeh_ov_fountains_minmay, uniq_sonja
D:11:     lair_0_dummy, lab_entry_generic, minmay_misc_feat_encased
D:12:     david_orc_4, kennysheep_generic_room_9
D:13:     erik_vaults_1, portal_ice_cave_demonic_guard, serial_shops,
          kennysheep_little_box
D:14:     lemuel_blue_sif_altar, uniq_louise
Lair:1:   dpeg_stationary_puzzle, serial_bayou_shore_a, serial_bayou_shore_b,
          lemuel_fruit_fields, grunt_megastairs_3, infiniplex_staircase_pool_2,
          uniq_grum
Lair:2:   minmay_snake_entry_guardpost_small, enter_volcano_1,
          bh_autumn_forest_stairs, grunt_megastairs_4
Lair:3:   grunt_megastairs_1
Lair:4:   minmay_shoals_entry_beasts, uniq_snorg
Lair:5:   slime_altar_2, uniq_kirke
Lair:6:   wormcave, hangedman_lair_tendril_chambers, minivault_23,
          zaba_antful_of_joy
Orc:1:    bloody_trog
Orc:2:    st_orc_pillars, nicolae_orc_lost_temple, uniq_donald
Elf:1:    serial_shops, nicolae_shop_stone, hangedman_corner_corridor,
          minmay_fountain_box, uniq_asterion
Elf:2:    serial_shops, shop
Sewer:    kennysheep_door_sewer
Volcano:  volcano_lake

Skill      XL: |  1  2  3  4  5  6  7  8  9 10 11 12 13 14 15 16 17 |
---------------+----------------------------------------------------+-----
Conjurations   | 1 2 3 4 5 8 10 11 12 | 12.1
Maces & Flails | 1 2 3 4 5 7 9 12 13 14 15 | 15.9
Spellcasting   | 4 6 7 9 10 | 10.0
Fire Magic     | 1 3 4 6 |  6.2
Air Magic      | 3 4 5 6 |  6.0
Translocations | 2 |  2.0
Earth Magic    | 6 8 |  8.0
Fighting       | 9 |  9.0
Hexes          | 4 |  4.1
Summonings     | 7 8 |  8.3
Dodging        | |  1.7
Stealth        | |  1.5

Action                   |  1- 3 |  4- 6 |  7- 9 | 10-12 | 13-15 | 16-18 || total
-------------------------+-------+-------+-------+-------+-------+-------++-------
Melee: Unarmed           |    18 |       |       |       |       |       ||    18
       Dagger            |    13 |     9 |       |       |       |       ||    22
       Whip              |     9 |   108 |    55 |       |       |       ||   172
       Club              |     2 |       |       |       |       |       ||     2
       Mace              |       |       |     9 |       |       |       ||     9
       Trident           |       |       |   246 |   788 |   139 |       ||  1173
       Long sword        |       |       |     6 |       |       |       ||     6
       Giant spiked club |       |       |       |    11 |   544 |   304 ||   859
 Cast: Magic Dart        |    62 |   142 |   311 |   292 |       |       ||   807
       Mephitic Cloud    |       |       |     2 |     7 |     5 |     1 ||    15
       Conjure Flame     |       |       |    18 |    81 |    23 |     5 ||   127
       Blink             |       |       |     2 |    20 |    41 |    17 ||    80
       Repel Missiles    |       |       |     1 |     2 |     3 |       ||     6
       Iskenderun's Myst |       |       |       |    51 |    20 |       ||    71
       Inner Flame       |       |       |       |    12 |    19 |     7 ||    38
       Lee's Rapid Decon |       |       |       |     4 |   121 |    34 ||   159
       Bolt of Magma     |       |       |       |     1 |       |       ||     1
       Lightning Bolt    |       |       |       |       |   183 |   170 ||   353
       Fulminant Prism   |       |       |       |       |    36 |     3 ||    39
       Fireball          |       |       |       |       |       |    31 ||    31
Evoke: Wand              |       |       |       |     5 |     4 |     1 ||    10
  Use: Potion            |     1 |       |     1 |     5 |    12 |     4 ||    23
       Scroll            |       |     2 |     4 |    24 |    24 |     7 ||    61
 Stab: Sleeping          |     1 |     2 |     1 |     1 |     2 |     1 ||     8
       Confused          |       |       |       |     1 |       |       ||     1
       Distracted        |       |       |       |       |     1 |     3 ||     4
  Eat: Chunk             |     2 |    10 |    11 |    29 |    58 |    47 ||   157
       Fruit             |       |       |     2 |     2 |    10 |     5 ||    19
       Bread ration      |       |       |     2 |     3 |     4 |       ||     9
       Pizza             |       |       |       |     1 |       |     1 ||     2
       Meat ration       |       |       |       |       |     2 |     1 ||     3
       Beef jerky        |       |       |       |       |     1 |     2 ||     3
Armor: Robe              |    12 |    30 |    67 |   211 |   312 |   171 ||   803
       Animal skin       |       |     5 |       |       |       |       ||     5
       Skin              |       |       |     6 |     4 |       |       ||    10
Dodge: Dodged            |    23 |    70 |   130 |   245 |   450 |   207 ||  1125
       Deflected         |       |       |     1 |     6 |     8 |     1 ||    16
